AoeStats
← kpsu8366

Hideout

503337128Analyzed
4v4 RM · 1mo ago on Aug 31, 2026· 58m 6s· 8 players
Game mode
Random Map
Map size
Large (8 player)
Population
200
Speed
Normal
Resources
Standard
Victory
Conquest
Starting age
Dark Age
Ending age
Imperial Age
RankedLock teamsTeams togetherTeam positionsShared explorationLock speedFull tech treeHidden civsTurbo modeCheats
Victory
Defeat
🇩🇪 Burgundians · Germany
1155
+11
🇦🇺 Ethiopians · Australia
1056
+15
🇫🇷 Persians · France
1028
+17
🇺🇸 Bulgarians · United States
1001
+18
🇻🇳 Khmer · Vietnam
1058
-16
1058
-16
🇮🇳 Dravidians · India
1047
-15
🇨🇳 Portuguese · China
1008
-14
Ghosty4406
0:34 Loom
11:58 Feudal Age
16:07 Castle Age
16:18 Double-Bit Axe
16:15 Horse Collar
43:32 Wheelbarrow
44:56 Hand Cart
45:27 Medical Corps
46:39 Heavy Plow
47:16 Bow Saw
50:18 Imperial Age
47:39 Town Watch
49:42 Coinage
48:42 Elite Skirmisher
49:29 Crossbowman
50:18 Thumb Ring
50:50 Fletching
52:01 Banking
51:51 Padded Archer Armor
51:48 Bodkin Arrow
53:03 Caravan
54:09 Ballistics
54:10 Bracer
54:26 Leather Archer Armor
58:09 Wootz Steel
58:25 Forging
58:21 Scale Barding Armor
kpsu8366
10:12 Loom
13:42 Feudal Age
17:57 Castle Age
16:06 Double-Bit Axe
16:25 Horse Collar
19:28 Bow Saw
19:22 Heavy Plow
33:25 Imperial Age
31:13 Forging
30:51 Pikeman
39:25 Conscription
39:50 Stone Mining
39:52 Gold Mining
41:04 Stone Shaft Mining
42:25 Two-Man Saw
41:54 Circumnavigation
43:16 Chemistry
42:00 Treadmill Crane
45:12 Halberdier
45:58 Scale Mail Armor
46:35 Iron Casting
46:33 Arquebus
47:38 Coinage
48:35 Banking
52:02 Banking
52:28 Ballistics
53:13 Banking
52:39 Elite Organ Gun
Thiếu Tá Võ Nguyên GIáp
0:55 Loom
12:02 Feudal Age
12:22 Champi Runner
14:35 Wheelbarrow
14:34 Double-Bit Axe
14:31 Horse Collar
15:59 Scale Mail Armor
17:48 Gold Mining
18:21 Forging
23:05 Castle Age
21:38 Stone Mining
24:52 Iron Casting
24:38 Caravan
24:44 Heavy Plow
24:56 Bow Saw
25:23 Gold Shaft Mining
25:59 Hand Cart
28:33 Chain Mail Armor
29:30 Stone Shaft Mining
33:19 Imperial Age
30:36 Town Watch
31:08 Pikeman
31:49 Squires
31:35 Arson
32:27 Champi Warrior
34:32 Plate Mail Armor
34:50 Crop Rotation
35:44 Conscription
36:29 Blast Furnace
35:03 Elite Champi Warrior
37:10 Fabric Shields
38:06 Halberdier
39:01 Fletching
41:39 Elite Kamayuk
49:16 Padded Archer Armor
55:09 Elite Skirmisher
Vĩnh Nguyễn HCMCity
11:17 Feudal Age
14:56 Double-Bit Axe
22:52 Castle Age
21:26 Stone Mining
26:18 Padded Archer Armor
28:07 Bow Saw
27:54 Gold Mining
33:06 Leather Archer Armor
32:53 Fletching
34:20 Stone Shaft Mining
34:22 Gold Shaft Mining
39:59 Wheelbarrow
43:35 Imperial Age
42:42 Hand Cart
45:55 Scale Barding Armor
46:01 Forging
46:45 Caravan
47:39 Chain Barding Armor
50:18 Plate Barding Armor
50:19 Iron Casting
50:39 Crossbowman
51:47 Fletching
56:59 Blast Furnace
56:20 Bloodlines
55:31 Light Cavalry
56:29 Arbalester
58:03 Bloodlines
Hav1k
0:35 Loom
12:47 Feudal Age
13:58 Horse Collar
14:18 Arson
15:59 Scale Mail Armor
19:55 Town Watch
26:01 Castle Age
24:47 Double-Bit Axe
24:55 Gold Mining
24:58 Stone Mining
27:02 Bow Saw
26:55 Heavy Plow
27:34 Gold Shaft Mining
27:37 Stone Shaft Mining
28:28 Scale Barding Armor
28:34 Forging
30:35 Chain Barding Armor
30:50 Iron Casting
30:32 Chain Mail Armor
30:24 Squires
30:10 Gambesons
32:20 Wheelbarrow
33:11 Town Patrol
35:51 Hand Cart
41:11 Imperial Age
42:31 Bagains
43:48 Plate Mail Armor
44:53 Blast Furnace
44:25 Elite Konnik
45:52 Plate Barding Armor
45:42 Stirrups
47:06 Chemistry
45:35 Pikeman
49:25 Coinage
48:56 Caravan
48:44 Halberdier
DisWhey
6:51 Loom
10:11 Feudal Age
11:25 Double-Bit Axe
11:21 Horse Collar
15:08 Fletching
15:19 Padded Archer Armor
14:52 Man-at-Arms
23:56 Castle Age
24:12 Crossbowman
24:57 Thumb Ring
24:50 Bodkin Arrow
25:30 Heavy Plow
25:41 Bow Saw
25:51 Leather Archer Armor
31:09 Wheelbarrow
35:20 Hand Cart
35:10 Gold Mining
35:14 Stone Mining
37:47 Ballistics
39:59 Imperial Age
37:15 Town Watch
38:23 Murder Holes
38:39 Masonry
39:50 Town Patrol
41:51 Chemistry
40:57 Siege Engineers
40:58 Bracer
41:29 Ring Archer Armor
40:22 Arbalester
44:56 Two-Man Saw
45:07 Scale Mail Armor
45:18 Forging
47:05 Caravan
54:18 Stone Shaft Mining
54:19 Gold Shaft Mining
55:38 Architecture
55:19 Fortified Wall
55:40 Conscription
55:22 Torsion Engines
Marv
10:53 Feudal Age
10:24 Double-Bit Axe
12:49 Loom
15:49 Castle Age
14:42 Bow Saw
14:15 Horse Collar
14:47 Gold Mining
16:16 Scale Barding Armor
17:55 Husbandry
19:15 Cavalier
28:48 Town Watch
30:17 Chain Barding Armor
30:46 Stone Mining
31:31 Forging
33:31 Fervor
37:20 Imperial Age
34:51 Town Patrol
37:52 Wheelbarrow
37:54 Iron Casting
37:10 Fletching
37:32 Paladin
41:17 Ballistics
41:58 Chemistry
41:21 Ballistics
42:24 Treadmill Crane
42:43 Bodkin Arrow
46:00 Bracer
46:36 Plate Barding Armor
50:08 Caravan
51:34 Two-Man Saw
51:11 Stone Shaft Mining
51:14 Gold Shaft Mining
51:42 Blast Furnace
52:42 Hand Cart
53:57 Guilds
54:51 Light Cavalry
56:29 Conscription
56:16 Burgundian Vineyards
56:21 Guard Tower
56:16 Arrowslits
56:28 Murder Holes
56:54 Bombard Tower
alabataille
7:12 Loom
11:52 Feudal Age
13:47 Double-Bit Axe
14:52 Fletching
22:41 Castle Age
22:48 Stone Mining
27:42 Bodkin Arrow
36:07 Horse Collar
40:27 Heavy Plow
45:08 Wheelbarrow
45:31 Padded Archer Armor
47:38 Leather Archer Armor
49:14 Parthian Tactics
48:57 Thumb Ring
50:24 Bloodlines
50:15 Husbandry
51:04 Ballistics
50:55 Masonry
Connection lost

Rejoining the realm…

Still unreachable

The connection could not be restored.

Session expired

The server has moved on; the page needs a fresh start.